[ AOE2 MATCH · #505173868 ]
UnrankedKoreans vs Jurchens
Player's team · WIN
Rival team · LOSS
[ REPLAY ANALYSIS · EXTRACTED FROM THE RECORDED GAME ]
Feudal
9:17
Castle
27:06
Imperial
48:18
| APM avg | 60.2 |
| APM peak | 92 |
| eAPM avg | 33.3 |
| Villagers / military | 180 / 103 |
Focus
⚔️ 21.3% · 🌾 78.7%
Spearman ×56 · Knight ×11 · Iron Pagoda ×11 · Scout Cavalry ×8 · War Wagon ×7 · Monk ×4
Feudal
9:16
Castle
27:39
Imperial
—
| APM avg | 55.6 |
| APM peak | 91 |
| eAPM avg | 23.9 |
| Villagers / military | 142 / 39 |
Focus
⚔️ 32.0% · 🌾 68.0%
Unknown (1911) ×18 · Archer ×16 · Scout Cavalry ×9 · Monk ×8 · Unknown (1908) ×8 · Battering Ram ×3
Match map
Initial resources + every placement click. Lines = walls · curves = elevation contours. ◆ gold · ⬟ stone · ● berries · ✦ relic · ◌ wall gap
Your base· ✓ Closed at 27:06 · 36t walls · no gate
FineBasket3941's base· Open — opponent sealed themselves in
Smoothed initial terrain · ◌ = detected wall gap · hover for details
Inputs per minute
— FC_M@sTer - - FineBasket3941
Build order — FC_M@sTer
First 150 of 448 actions detected
| 0:00 | Queue | Villager (Male) |
| 0:01 | Queue | Villager (Male) |
| 0:01 | Queue | Villager (Male) |
| 0:01 | Queue | Villager (Male) |
| 0:02 | Build | House |
| 0:05 | Build | House |
| 1:28 | Queue | Villager (Male) |
| 1:28 | Queue | Villager (Male) |
| 1:45 | Build | Lumber Camp |
| 2:05 | Queue | Villager (Male) |
| 2:15 | Queue | Villager (Male) |
| 2:15 | Queue | Villager (Male) |
| 2:45 | Queue | Villager (Male) |
| 3:01 | Queue | Villager (Male) |
| 3:01 | Queue | Villager (Male) |
| 3:23 | Build | House |
| 3:36 | Queue | Villager (Male) |
| 3:36 | Queue | Villager (Male) |
| 3:43 | Queue | Villager (Male) |
| 3:43 | Queue | Villager (Male) |
| 4:16 | Queue | Villager (Male) |
| 4:16 | Queue | Villager (Male) |
| 4:54 | Queue | Villager (Male) |
| 4:54 | Queue | Villager (Male) |
| 4:54 | Queue | Villager (Male) |
| 5:13 | Build | Mill |
| 5:31 | Queue | Villager (Male) |
| 5:31 | Queue | Villager (Male) |
| 5:37 | Queue | Villager (Male) |
| 5:40 | Research | Loom |
| 5:51 | Queue | Villager (Male) |
| 6:05 | Build | Palisade Wall |
| 6:16 | Queue | Villager (Male) |
| 6:41 | Queue | Villager (Male) |
| 7:07 | Research | Feudal Age |
| 7:13 | Build | Mining Camp |
| 7:30 | Build | Palisade Wall |
| 8:42 | Build | Barracks |
| 9:15 | Queue | Militia |
| 9:15 | Queue | Militia |
| 9:17 | Age | Feudal Age |
| 9:21 | Build | Watch Tower |
| 9:29 | Research | Town Watch |
| 9:29 | Research | Town Watch |
| 9:31 | Build | House |
| 9:54 | Queue | Spearman |
| 10:00 | Queue | Villager (Male) |
| 10:13 | Build | Watch Tower |
| 10:20 | Queue | Spearman |
| 10:22 | Queue | Villager (Male) |
| 10:28 | Queue | Villager (Male) |
| 10:50 | Build | Watch Tower |
| 10:57 | Queue | Villager (Male) |
| 11:03 | Build | Palisade Wall |
| 11:17 | Build | House |
| 11:38 | Build | House |
| 11:39 | Build | House |
| 11:43 | Build | House |
| 11:49 | Queue | Villager (Male) |
| 11:57 | Build | Watch Tower |
| 12:20 | Build | Palisade Wall |
| 12:29 | Build | Palisade Wall |
| 12:37 | Build | Palisade Wall |
| 12:55 | Build | Watch Tower |
| 13:07 | Build | Farm |
| 13:11 | Queue | Villager (Male) |
| 13:11 | Queue | Villager (Male) |
| 13:19 | Build | Palisade Wall |
| 13:21 | Queue | Villager (Male) |
| 14:30 | Queue | Villager (Male) |
| 14:39 | Build | Blacksmith |
| 14:44 | Build | Lumber Camp |
| 14:48 | Queue | Villager (Male) |
| 15:20 | Build | Watch Tower |
| 15:28 | Build | House |
| 15:42 | Queue | Villager (Male) |
| 15:43 | Queue | Villager (Male) |
| 15:48 | Build | Palisade Wall |
| 16:02 | Build | Mining Camp |
| 16:17 | Build | Mining Camp |
| 16:30 | Queue | Villager (Male) |
| 16:43 | Build | Farm |
| 16:46 | Build | Farm |
| 16:48 | Queue | Villager (Male) |
| 16:51 | Build | House |
| 16:58 | Queue | Villager (Male) |
| 17:14 | Research | Fletching |
| 17:41 | Queue | Villager (Male) |
| 17:45 | Build | House |
| 17:46 | Build | House |
| 18:02 | Queue | Villager (Male) |
| 18:03 | Queue | Villager (Male) |
| 18:09 | Build | Farm |
| 18:10 | Build | Farm |
| 18:12 | Build | Farm |
| 18:26 | Build | Watch Tower |
| 18:40 | Build | Watch Tower |
| 18:57 | Queue | Villager (Male) |
| 18:57 | Queue | Villager (Male) |
| 18:59 | Build | Farm |
| 19:24 | Queue | Villager (Male) |
| 19:44 | Queue | Villager (Male) |
| 19:56 | Queue | Villager (Male) |
| 19:56 | Queue | Villager (Male) |
| 20:16 | Build | Farm |
| 20:18 | Build | Farm |
| 20:22 | Build | Farm |
| 20:26 | Build | Farm |
| 20:26 | Queue | Villager (Male) |
| 20:48 | Queue | Villager (Male) |
| 20:48 | Queue | Villager (Male) |
| 20:57 | Build | House |
| 21:07 | Queue | Villager (Male) |
| 21:07 | Queue | Villager (Male) |
| 21:14 | Queue | Villager (Male) |
| 21:15 | Queue | Villager (Male) |
| 21:28 | Build | Watch Tower |
| 21:29 | Queue | Villager (Male) |
| 21:46 | Queue | Villager (Male) |
| 21:49 | Build | Farm |
| 21:53 | Build | Farm |
| 22:10 | Build | Watch Tower |
| 22:11 | Queue | Villager (Male) |
| 22:18 | Queue | Villager (Male) |
| 22:18 | Queue | Villager (Male) |
| 22:24 | Build | Farm |
| 22:38 | Build | Mining Camp |
| 22:39 | Queue | Villager (Male) |
| 22:42 | Queue | Villager (Male) |
| 22:55 | Build | Farm |
| 22:57 | Build | Farm |
| 22:57 | Queue | Villager (Male) |
| 23:02 | Build | Market |
| 23:08 | Queue | Villager (Male) |
| 23:09 | Queue | Villager (Male) |
| 23:19 | Queue | Villager (Male) |
| 23:19 | Queue | Villager (Male) |
| 23:29 | Build | Farm |
| 23:31 | Queue | Villager (Male) |
| 23:37 | Queue | Villager (Male) |
| 23:55 | Build | Farm |
| 24:00 | Queue | Villager (Male) |
| 24:02 | Queue | Spearman |
| 24:03 | Build | Farm |
| 24:26 | Research | Castle Age |
| 24:26 | Research | Castle Age |
| 25:23 | Research | Stone Mining |
| 25:24 | Research | Stone Mining |
| 25:27 | Research | Double-Bit Axe |
| 25:29 | Research | Horse Collar |
Build order — FineBasket3941
First 150 of 299 actions detected
| 0:01 | Queue | Villager (Male) |
| 0:02 | Build | House |
| 0:03 | Build | House |
| 0:06 | Queue | Villager (Male) |
| 0:07 | Queue | Villager (Male) |
| 0:09 | Queue | Villager (Male) |
| 1:28 | Queue | Villager (Male) |
| 1:42 | Queue | Villager (Male) |
| 2:14 | Queue | Villager (Male) |
| 2:46 | Queue | Villager (Male) |
| 3:13 | Queue | Villager (Male) |
| 3:14 | Queue | Villager (Male) |
| 3:20 | Build | Lumber Camp |
| 3:44 | Queue | Villager (Male) |
| 3:45 | Queue | Villager (Male) |
| 3:49 | Build | House |
| 4:04 | Queue | Villager (Male) |
| 4:17 | Queue | Villager (Male) |
| 4:44 | Queue | Villager (Male) |
| 4:45 | Queue | Villager (Male) |
| 4:45 | Queue | Villager (Male) |
| 4:54 | Build | Mill |
| 4:57 | Queue | Villager (Male) |
| 5:49 | Research | Loom |
| 5:57 | Queue | Villager (Male) |
| 6:39 | Research | Loom |
| 6:54 | Research | Feudal Age |
| 7:00 | Build | Lumber Camp |
| 7:46 | Queue | Villager (Male) |
| 7:54 | Build | House |
| 7:59 | Build | Mill |
| 8:10 | Queue | Villager (Male) |
| 8:43 | Build | House |
| 9:16 | Age | Feudal Age |
| 9:17 | Queue | Villager (Male) |
| 9:22 | Queue | Villager (Male) |
| 9:23 | Research | Double-Bit Axe |
| 9:46 | Queue | Villager (Male) |
| 10:02 | Queue | Villager (Male) |
| 10:07 | Research | Horse Collar |
| 10:31 | Build | Barracks |
| 11:01 | Queue | Villager (Male) |
| 11:02 | Queue | Villager (Male) |
| 11:20 | Queue | Villager (Male) |
| 11:23 | Build | Blacksmith |
| 11:37 | Build | Mining Camp |
| 11:56 | Queue | Villager (Male) |
| 12:21 | Build | Palisade Wall |
| 12:22 | Queue | Villager (Male) |
| 12:22 | Queue | Villager (Male) |
| 12:26 | Build | Archery Range |
| 12:30 | Build | Mining Camp |
| 12:37 | Research | Town Watch |
| 12:37 | Queue | Villager (Male) |
| 13:11 | Build | Watch Tower |
| 13:21 | Queue | Archer |
| 13:21 | Queue | Archer |
| 13:52 | Queue | Archer |
| 13:56 | Queue | Villager (Male) |
| 13:59 | Build | House |
| 13:59 | Queue | Villager (Male) |
| 14:00 | Queue | Villager (Male) |
| 14:17 | Build | House |
| 14:21 | Queue | Archer |
| 14:37 | Build | House |
| 14:45 | Queue | Archer |
| 14:52 | Build | House |
| 15:00 | Queue | Villager (Male) |
| 15:02 | Build | Farm |
| 15:07 | Build | House |
| 15:18 | Build | House |
| 15:32 | Build | Watch Tower |
| 15:37 | Queue | Archer |
| 15:38 | Queue | Archer |
| 15:52 | Queue | Villager (Male) |
| 15:52 | Queue | Villager (Male) |
| 15:59 | Queue | Villager (Male) |
| 16:33 | Queue | Villager (Male) |
| 16:36 | Build | Farm |
| 16:46 | Queue | Archer |
| 16:46 | Queue | Archer |
| 17:00 | Queue | Villager (Male) |
| 17:15 | Queue | Archer |
| 17:15 | Queue | Archer |
| 18:06 | Build | Mining Camp |
| 18:10 | Build | Watch Tower |
| 18:10 | Queue | Villager (Male) |
| 18:11 | Queue | Villager (Male) |
| 18:24 | Build | Watch Tower |
| 18:54 | Queue | Villager (Male) |
| 18:55 | Queue | Villager (Male) |
| 19:34 | Build | Watch Tower |
| 19:44 | Build | Farm |
| 19:47 | Queue | Villager (Male) |
| 19:57 | Queue | Villager (Male) |
| 20:04 | Build | Watch Tower |
| 20:23 | Queue | Archer |
| 20:23 | Queue | Archer |
| 20:41 | Queue | Villager (Male) |
| 20:42 | Queue | Villager (Male) |
| 20:55 | Build | Watch Tower |
| 21:14 | Queue | Villager (Male) |
| 21:34 | Build | Watch Tower |
| 22:15 | Queue | Villager (Male) |
| 22:26 | Build | Farm |
| 22:26 | Build | Farm |
| 22:27 | Build | Farm |
| 22:29 | Build | Farm |
| 22:52 | Queue | Archer |
| 22:52 | Queue | Archer |
| 22:53 | Queue | Archer |
| 22:59 | Queue | Villager (Male) |
| 22:59 | Queue | Villager (Male) |
| 23:26 | Build | Farm |
| 23:47 | Queue | Villager (Male) |
| 23:59 | Queue | Villager (Male) |
| 24:01 | Build | Market |
| 24:15 | Build | House |
| 24:16 | Build | House |
| 24:59 | Research | Castle Age |
| 25:49 | Queue | Villager (Male) |
| 25:49 | Queue | Villager (Male) |
| 25:54 | Build | Watch Tower |
| 26:54 | Build | Watch Tower |
| 27:12 | Queue | Villager (Male) |
| 27:39 | Research | Fletching |
| 27:39 | Age | Castle Age |
| 27:55 | Queue | Villager (Male) |
| 27:55 | Queue | Villager (Male) |
| 28:02 | Build | Farm |
| 28:20 | Build | Castle |
| 28:30 | Research | Bodkin Arrow |
| 28:55 | Build | Castle |
| 29:17 | Queue | Villager (Male) |
| 29:29 | Build | University |
| 29:42 | Build | Monastery |
| 29:50 | Build | Farm |
| 29:51 | Build | Farm |
| 29:52 | Build | Farm |
| 30:10 | Queue | Monk |
| 30:11 | Queue | Villager (Male) |
| 30:50 | Queue | Villager (Male) |
| 30:50 | Queue | Villager (Male) |
| 30:55 | Queue | Unit 1908 |
| 31:37 | Build | Castle |
| 31:59 | Build | Farm |
| 32:01 | Queue | Unit 1908 |
| 32:21 | Queue | Villager (Male) |
| 32:25 | Build | Farm |
| 32:26 | Build | Farm |
Match timeline
| 6:05 | FC_M@sTer · wall_segment Palisade Wall x1 |
| 7:30 | FC_M@sTer · wall_segment Palisade Wall x1 |
| 8:42 | FC_M@sTer · first_building Barracks |
| 9:16 | FineBasket3941 · age_up feudal |
| 9:17 | FC_M@sTer · age_up feudal |
| 10:31 | FineBasket3941 · first_building Barracks |
| 11:03 | FC_M@sTer · wall_segment Palisade Wall x14 |
| 12:20 | FC_M@sTer · wall_segment Palisade Wall x1 |
| 12:21 | FineBasket3941 · wall_segment Palisade Wall x12 |
| 12:26 | FineBasket3941 · first_building Archery Range |
| 12:29 | FC_M@sTer · wall_segment Palisade Wall x2 |
| 12:37 | FC_M@sTer · wall_segment Palisade Wall x2 |
| 13:19 | FC_M@sTer · wall_segment Palisade Wall x6 |
| 15:48 | FC_M@sTer · wall_segment Palisade Wall x9 |
| 24:20 | FC_M@sTer · first_market_buy 100 food |
| 24:23 | FC_M@sTer · first_market_sell 100 wood |
| 24:46 | FineBasket3941 · first_market_buy 100 food |
| 24:48 | FineBasket3941 · first_market_sell 100 stone |
| 27:06 | FC_M@sTer · age_up castle |
| 27:08 | FC_M@sTer · wall_segment Palisade Wall x1 |
| 27:24 | FC_M@sTer · first_building Siege Workshop |
| 27:39 | FineBasket3941 · age_up castle |
| 28:20 | FineBasket3941 · first_building Castle |
| 29:26 | FC_M@sTer · first_building Stable |
| 29:42 | FineBasket3941 · first_building Monastery |
| 32:23 | FC_M@sTer · wall_segment Palisade Wall x1 |
| 34:15 | FC_M@sTer · first_building Monastery |
| 36:33 | FineBasket3941 · first_building Siege Workshop |
| 43:46 | FineBasket3941 · first_building Stable |
| 47:24 | FC_M@sTer · first_building Castle |
| 48:00 | FC_M@sTer · wall_segment Palisade Wall x1 |
| 48:18 | FC_M@sTer · age_up imperial |
| 54:46 | FineBasket3941 · resign |
[ AI ANALYSIS · 1 CREDIT ]
What really happened in this match?
Wolo.gg analyzes every decision: build order, eco, micro, common mistakes by bracket. Personalized analysis on WhatsApp or Discord in 30 seconds.
Civ guide
Koreans
Perfil
Jugador #9750433